Map: Redshift LE

Players

pOpO

  • Race: Protoss Protoss
  • League: Diamond
  • Spawn Location: 11:00

blackxored - Winner!

  • Race: Zerg Zerg
  • League: Master
  • Spawn Location: 7:00

VOD

Have the link to the VOD?

Description

Time

  • Played on: July 29, 2018, 3:15 p.m.
  • Length: 12:35
Show
View Real Time Build Order
Export as new Build Order

pOpO Protoss 

Build Orders: Cannon Rush 

Get SALT Encoding   

  12  0:01  Probe  
  13  0:13  Probe  
  14  0:21  Pylon  
  14  0:25  Probe  
  15  0:39  Forge  
  15  0:47  Gateway  
  15  0:50  Probe  
  16  1:00  Probe  
  17  1:08  Probe  
  17  1:17  Probe  
  18  1:23  Pylon  
  19  1:28  Assimilator  
  19  1:31  Probe  
  20  1:37  Pylon  
  20  1:46  Photon Cannon  
  19  1:49  Photon Cannon  
  19  1:53  Pylon  
  19  1:59  Photon Cannon  
  19  2:10  Photon Cannon  
  19  2:35  Pylon  
  19  2:38  Nexus, Zealot  
  19  2:39  Probe  
  22  2:46  Photon Cannon  
  22  2:47  Probe  
  22  2:55  Assimilator  
  22  2:57  Probe  
  24  3:08  Cybernetics Core  
  24  3:12  Probe  
  25  3:21  Probe  
  26  3:29  Probe  
  27  3:38  Probe  
  27  3:43  Warp Gate  
  28  3:48  Robotics Facility  
  28  3:53  Pylon  
  28  3:55  Protoss Ground Weapons Level 1, Stalker  
  30  3:59  Probe  
  30  4:02  Probe  
  32  4:10  Probe  
  32  4:11  Probe  
  34  4:17  Pylon  
  34  4:20  Probe  
  34  4:22  Probe  
  36  4:30  Probe  
  36  4:32  Probe  
  38  4:38  Probe  
  38  4:39  Gateway  
  38  4:42  Immortal  
  38  4:44  Probe  
  40  4:48  Gateway  
  44  4:58  Probe x2  
  46  5:10  Probe  
  46  5:13  Probe  
  52  5:21  Immortal  
  52  5:22  Probe  
  52  5:25  Nexus  
  53  5:28  Pylon  
  53  5:31  Probe  
  53  5:34  Probe  
  53  5:35  Assimilator  
  55  5:47  Twilight Council  
  55  5:51  Sentry  
  55  5:52  Pylon  
  55  5:53  Protoss Ground Armor Level 1, Zealot x2  
  61  5:57  Probe  
  61  5:58  Probe  
  61  5:59  Pylon  
  61  6:03  Assimilator  
  63  6:06  Observer  
  63  6:11  Probe x2  
  65  6:17  Photon Cannon  
  66  6:21  Assimilator  
  66  6:23  Assimilator  
  66  6:24  Probe  
  66  6:25  Probe  
  68  6:26  Pylon  
  68  6:29  Stalker  
  70  6:37  Probe, Stalker x2  
  75  6:40  Probe x2  
  77  6:49  Probe  
  77  6:52  Probe x2  
  80  6:56  Pylon  
  80  7:01  Probe  
  81  7:08  Probe x2  
  82  7:13  Probe  
  84  7:20  Immortal, Probe  
  85  7:23  Templar Archives  
  85  7:24  Gateway  
  85  7:27  Gateway  
  85  7:29  Gateway  
  84  7:30  Gateway  
  84  7:35  Protoss Ground Weapons Level 2  
  84  7:36  Gateway  
  88  7:38  Gateway  
  88  7:40  Probe x2  
  90  8:02  Immortal  
  90  8:03  Charge  
  92  8:06  Psionic Storm  
  92  8:10  Zealot x3  
  98  8:20  Pylon  
  98  8:24  Pylon  
  98  8:28  Pylon  
  98  8:34  High Templar x3  
  98  8:35  High Templar x2  
  98  8:40  Archon x2  
  98  8:41  Immortal  
  112  8:47  Probe x3  
  112  8:48  Nexus  
  115  8:50  Pylon  
  115  9:04  High Templar x3  
  121  9:14  Zealot x4  
  121  9:15  Zealot x2  
  133  9:18  Probe x2  
  133  9:20  Probe  
  133  9:23  Photon Cannon  
  136  9:26  Photon Cannon  
  136  9:27  Shield Battery  
  136  9:29  Pylon  
  136  9:30  Probe  
  137  9:34  Blink  
  137  9:36  Stargate  
  137  9:37  Stalker x2  
  137  9:38  Stalker  
  143  9:39  Stargate  
  143  9:50  Protoss Ground Weapons Level 3  
  141  9:57  Zealot x2  
  141  9:58  Zealot x4  
  153  10:03  Pylon  
  153  10:06  Assimilator  
  153  10:08  Observer  
  153  10:09  Assimilator  
  153  10:11  Photon Cannon  
  153  10:12  Shield Battery, High Templar  
  156  10:15  High Templar  
  158  10:23  Pylon  
  158  10:25  Photon Cannon  
  158  10:34  Stalker x3  
  158  10:35  Stalker x3  
  167  10:51  Zealot x3  
  173  10:58  Stalker  
  173  10:59  Stalker x3  
  156  11:15  Zealot x3  
  156  11:16  Zealot x2  
  145  11:25  Fleet Beacon  
  145  11:29  Probe x3  
  117  11:41  Probe  
  117  11:46  Stalker x5  
  83  11:50  Probe x2  
  83  11:53  Probe  
  62  12:10  Nexus  
  62  12:18  Zealot x5  
  62  12:19  Zealot x4  
Show
View Real Time Build Order
Export as new Build Order

blackxored Zerg - Winner!

Build Orders: Hatch First, Lurkers 

Get SALT Encoding   

  12  0:01  Drone  
  13  0:12  Overlord  
  13  0:16  Drone  
  14  0:31  Drone x2  
  16  0:49  Hatchery  
  15  0:51  Drone  
  15  0:54  Drone  
  17  0:57  Drone  
  18  1:10  Spawning Pool  
  17  1:12  Extractor  
  17  1:15  Drone  
  17  2:08  Zergling x4  
  17  2:09  Zergling x4  
  19  2:31  Drone x4  
  23  2:42  Drone x2  
  25  2:49  Queen  
  27  3:01  Metabolic Boost  
  27  3:05  Drone  
  28  3:06  Overlord  
  28  3:09  Overlord  
  28  3:34  Drone  
  28  3:35  Drone x2  
  28  3:36  Drone  
  28  3:38  Hatchery  
  28  3:39  Drone  
  33  3:41  Drone  
  33  3:51  Drone x2  
  35  3:57  Queen  
  37  4:05  Overlord  
  37  4:07  Spore Crawler  
  37  4:09  Spore Crawler  
  35  4:10  Drone x2  
  37  4:25  Drone x5  
  42  4:31  Drone  
  42  4:32  Queen  
  45  4:42  Lair  
  45  4:46  Overlord  
  45  4:47  Overlord x2  
  45  4:58  Extractor  
  45  4:59  Drone x4  
  48  5:00  Extractor, Roach Warren  
  48  5:01  Drone  
  48  5:04  Drone  
  48  5:05  Drone  
  48  5:16  Spore Crawler  
  48  5:17  Overlord x2  
  47  5:29  Overlord  
  47  5:30  Overlord  
  47  5:32  Queen  
  49  5:38  Drone x2  
  49  5:40  Roach x3  
  49  5:41  Roach  
  59  5:44  Roach  
  59  5:45  Overseer  
  59  5:49  Overlord  
  61  5:50  Overseer  
  61  5:58  Drone x4  
  61  6:01  Overlord  
  65  6:14  Drone x5  
  65  6:15  Drone x3  
  65  6:18  Overlord  
  73  6:39  Drone x3  
  76  6:41  Drone  
  76  6:42  Drone x2  
  76  6:43  Extractor  
  76  6:46  Drone  
  79  6:47  Hydralisk Den  
  79  6:53  Drone x2  
  80  6:57  Drone  
  80  6:58  Extractor, Drone  
  80  6:59  Drone x3  
  84  7:03  Drone x2  
  84  7:04  Extractor, Drone, Hatchery  
  84  7:05  Drone  
  84  7:06  Overlord  
  86  7:16  Muscular Augments  
  86  7:17  Drone  
  86  7:18  Hydralisk x3  
  86  7:19  Hydralisk  
  86  7:20  Hydralisk  
  86  7:22  Lurker Den  
  96  7:26  Drone  
  96  7:27  Hydralisk x2  
  100  7:30  Overseer  
  100  7:36  Zergling x2  
  100  7:38  Overseer  
  100  7:41  Overlord x3  
  100  7:47  Glial Reconstitution  
  100  7:56  Zergling x12  
  106  8:00  Hydralisk x2  
  106  8:01  Hydralisk x4  
  106  8:05  Zergling x2  
  119  8:16  Pneumatized Carapace  
  119  8:18  Drone x5  
  119  8:19  Drone x5  
  128  8:28  Grooved Spines  
  128  8:32  Hydralisk x2  
  128  8:33  Overlord  
  132  8:41  Drone x4  
  134  8:47  Spine Crawler, Extractor  
  134  8:49  Spine Crawler, Extractor  
  134  8:50  Spine Crawler  
  131  9:00  Drone x3  
  131  9:01  Drone x3  
  136  9:03  Spine Crawler  
  134  9:17  Roach, Hydralisk x2  
  134  9:18  Roach x3, Hydralisk x7  
  134  9:23  Hatchery  
  158  9:41  Hydralisk x3  
  158  9:42  Hydralisk x5  
  174  9:47  Overlord x3  
  174  9:48  Overlord  
  174  10:05  Queen  
  174  10:07  Lurker x9  
  177  10:13  Roach x5  
  177  10:14  Roach x2  
  199  10:15  Overlord x3  
  199  10:16  Overlord  
  199  10:47  Hydralisk  
  199  10:48  Hydralisk x2  
  187  11:11  Hydralisk x6  
  175  11:12  Hydralisk x5  
  183  11:30  Hydralisk x3  
  183  11:31  Hydralisk x3  
  185  11:37  Hydralisk  
  185  11:38  Hydralisk x5  
  183  11:46  Hydralisk x3  
  183  11:47  Hydralisk x3  
  168  11:50  Lurker  
  170  12:14  Extractor  
  169  12:17  Extractor  
Tags
 
Add a new tag
Caveats
  • Supply blocks, unpowered buildings, or Contaminate may cause inaccurate times.
  • Supply counts are checked every 10 seconds.